Map: Torres crepusculares

Players

Tiger - Winner!

  • Race: Terran Terran
  • League: Platinum

Cactusman

  • Race: Terran Terran
  • League: Diamond

VOD

Have the link to the VOD?

Description

Time

  • Played on: Jan. 30, 2016, 10:37 p.m.
  • Length: 40:08
Show
View Real Time Build Order
Export as new Build Order

Tiger Terran - Winner!

Build Orders: MMM Bio 

Get SALT Encoding   

  12  0:03  SCV  
  13  0:15  SCV  
  13  0:20  Supply Depot  
  14  0:27  SCV  
  16  0:52  Barracks x2  
  16  0:55  SCV  
  16  1:07  SCV  
  17  1:13  Supply Depot  
  17  1:23  SCV  
  18  1:39  Marine x2  
  20  1:40  Barracks  
  20  1:49  Bunker  
  20  1:57  Marine x2  
  20  1:58  SCV  
  23  2:15  Marine x2  
  23  2:32  Marine  
  23  2:33  Marine  
  25  2:39  Marine  
  26  2:48  Bunker  
  26  2:50  Marine  
  26  2:51  Marine  
  28  2:57  Marine  
  26  3:08  Marine x2  
  28  3:15  Marine  
  29  3:26  Marine x2  
  30  3:32  Marine  
  30  3:33  Orbital Command  
  30  3:34  Refinery  
  30  3:35  Refinery  
  30  3:41  Supply Depot  
  30  3:44  Marine  
  28  3:55  Marine x2  
  28  4:02  Marine  
  29  4:03  SCV  
  30  4:13  Marine x2  
  30  4:15  SCV  
  30  4:16  Bunker  
  33  4:19  Marine  
  32  4:27  SCV  
  32  4:31  Marine x2  
  30  4:37  Marine  
  32  4:49  Marine x2  
  34  4:55  Marine  
  34  5:07  Marine x2  
  32  5:13  Marine  
  27  5:24  Marine  
  27  5:25  Marine  
  29  5:30  Factory  
  29  5:31  Marine  
  30  5:40  Barracks  
  30  5:46  Supply Depot  
  30  5:58  Marine x3  
  33  6:21  Factory Tech Lab  
  33  6:22  Engineering Bay  
  33  6:29  Barracks Tech Lab  
  33  6:30  Barracks  
  33  6:32  Marine x2  
  34  6:35  Command Center  
  35  6:40  Supply Depot  
  35  6:41  Siege Tank  
  38  6:48  Starport  
  38  6:50  Stimpack  
  38  6:51  Terran Infantry Weapons Level 1  
  38  6:54  SCV  
  39  6:57  Supply Depot  
  39  7:01  Marine  
  39  7:19  Siege Tank  
  39  7:20  Barracks Reactor  
  42  7:24  Starport Reactor  
  42  7:33  Missile Turret  
  42  7:34  Marine  
  42  7:35  Marine  
  44  7:40  Marine  
  44  7:43  SCV  
  46  7:48  Liberator  
  46  7:51  Orbital Command  
  46  7:56  Missile Turret  
  46  7:58  Marine  
  47  8:02  Medivac  
  52  8:21  Missile Turret  
  52  8:26  Marine  
  37  8:27  Marine x2  
  39  8:44  Marine  
  39  8:45  Missile Turret, Refinery, Marine x2  
  39  8:46  Missile Turret  
  42  8:48  SCV  
  42  8:54  Combat Shields  
  43  9:07  Missile Turret  
  43  9:11  Siege Tank  
  43  9:12  Marine x2  
  43  9:13  Marine  
  49  9:21  SCV x2  
  51  9:28  Terran Infantry Armor Level 1  
  51  9:30  Marine  
  52  9:33  SCV  
  53  9:46  Medivac x2  
  57  10:04  Armory  
  57  10:08  SCV x2  
  59  10:17  Command Center  
  59  10:20  Barracks Reactor x2, SCV x2  
  61  10:25  Siege Tank, Barracks Reactor  
  61  10:26  Marine x3  
  67  10:36  SCV x2  
  69  10:44  Marine  
  70  11:08  Marine x2, SCV  
  70  11:16  Refinery  
  70  11:17  Supply Depot  
  70  11:20  Supply Depot x2  
  70  11:28  Marine x6, SCV  
  70  11:32  Terran Infantry Weapons Level 2  
  77  11:38  Engineering Bay  
  77  11:47  Terran Vehicle Weapons Level 1  
  77  11:55  Orbital Command  
  77  11:57  Marine x9  
  86  12:10  SCV x2  
  86  12:14  Marine  
  86  12:15  Marine x4  
  91  12:22  SCV x3  
  96  12:33  Marine  
  96  12:34  Marine x7, SCV x2  
  96  12:35  SCV  
  107  12:43  Marine  
  108  12:46  SCV  
  108  12:51  Supply Depot  
  109  12:58  Supply Depot  
  109  13:12  Medivac, Marine x6  
  117  13:15  Terran Infantry Armor Level 2  
  117  13:20  Medivac  
  110  13:47  Marine  
  110  13:48  Marine x8  
  110  13:53  Siege Tank  
  116  14:05  Marine  
  116  14:06  Marine x8  
  125  14:28  Marine x3  
  125  14:38  Terran Infantry Weapons Level 3  
  125  14:57  Terran Vehicle Weapons Level 2  
  125  14:58  Supply Depot  
  125  15:07  Supply Depot  
  125  15:08  Supply Depot  
  125  15:09  Supply Depot  
  125  15:15  Marine  
  125  15:16  Marine x2, Sensor Tower  
  125  15:17  Marine  
  125  15:20  Marine x5  
  130  15:33  Marine x2  
  130  15:34  Marine  
  130  15:35  Command Center, Terran Infantry Armor Level 3, Marine  
  133  15:36  Liberator x2  
  133  15:37  Marine x5  
  139  15:48  Siege Tank  
  142  15:51  Marine x2  
  142  15:52  Marine  
  142  15:53  Marine  
  152  16:07  Marine  
  152  16:08  Marine  
  154  16:20  Siege Tank  
  157  16:42  Refinery  
  157  16:45  Refinery  
  157  16:52  Siege Tank  
  141  17:43  Marine x2  
  141  17:44  Marine x5  
  142  17:46  Medivac x2  
  138  18:28  Liberator  
  138  18:29  Liberator  
  138  18:31  Marine  
  138  18:32  Marine  
  146  18:50  Siege Tank  
  149  19:06  Command Center  
  149  19:11  Liberator x2  
  145  19:31  Missile Turret x2  
  151  19:33  Missile Turret  
  147  19:54  Liberator  
  147  20:08  Missile Turret  
  147  20:10  Missile Turret  
  150  21:12  Medivac x2  
  114  22:04  Marine  
  114  22:05  Marine x8  
  123  22:22  Marine x6  
  124  22:23  Orbital Command  
  126  23:00  Marine  
  126  23:01  Marine x8  
  111  23:18  Marine  
  111  23:19  Marine  
  111  23:22  Medivac x2  
  112  24:09  Orbital Command  
  84  24:34  Marine  
  84  24:35  Marine x8  
  74  24:43  Medivac x2  
  78  24:52  Marine  
  79  24:53  Marine x8  
  87  25:10  Marine x3  
  87  25:11  Marine  
  87  25:13  Medivac x2  
  95  25:20  Orbital Command  
  95  25:27  Refinery x2, Marine x5  
  95  25:28  Marine x4  
  101  25:31  Siege Tank  
  107  25:44  Marine  
  107  25:45  Marine x4  
  107  25:46  Marine x4  
  116  25:58  Terran Vehicle Weapons Level 3  
  116  26:02  Marine  
  116  26:03  Siege Tank, Marine x5  
  125  26:04  Marine x3  
  125  26:08  Factory  
  125  26:09  Factory  
  125  26:10  Factory  
  128  26:20  Marine  
  128  26:21  Marine x5  
  128  26:22  Marine x3  
  137  26:33  Medivac x2  
  137  26:35  Siege Tank  
  137  26:38  Marine, SCV  
  137  26:39  Marine x6  
  151  26:40  Marine x2  
  154  26:50  SCV  
  155  26:56  Marine x5  
  160  27:02  SCV  
  160  27:03  Medivac x2  
  160  27:07  Siege Tank  
  168  27:14  SCV  
  141  27:57  Marine x9  
  94  28:08  Missile Turret  
  94  28:12  Missile Turret  
  94  28:13  Missile Turret  
  94  28:14  Missile Turret x4, Factory Tech Lab, Marine  
  94  28:15  Missile Turret x2, Factory Tech Lab, Marine x8  
  94  28:17  Thor  
  94  28:18  Factory Tech Lab  
  109  28:32  Marine  
  109  28:33  Marine x8  
  118  28:50  Marine  
  118  28:51  Marine x8  
  117  29:08  Marine x4  
  117  29:09  Marine x5, Command Center  
  126  29:12  Thor x3  
  126  29:13  Thor  
  150  29:17  Terran Vehicle And Ship Armor Level 1  
  150  29:21  Refinery  
  150  29:22  Refinery  
  150  29:26  Marine x8  
  150  29:28  Marine  
  159  29:31  Medivac x2  
  163  29:44  Marine x3  
  166  29:55  Refinery  
  166  30:00  Refinery  
  166  30:01  Missile Turret, Medivac x2  
  166  30:03  Missile Turret  
  166  30:04  Missile Turret  
  166  30:05  Missile Turret  
  166  30:06  Missile Turret  
  170  30:19  Marine x5  
  170  30:20  Marine x3  
  178  30:23  Thor x2  
  178  30:25  Planetary Fortress  
  185  30:43  Liberator  
  185  30:44  Liberator  
  185  30:55  Marine x2  
  190  31:26  Liberator  
  190  31:27  Liberator  
  190  32:09  Liberator  
  190  32:10  Liberator  
  190  32:11  Terran Ship Weapons Level 1  
  190  32:13  Marine x2  
  190  32:14  Marine  
  189  32:37  Sensor Tower  
  189  33:03  Starport  
  189  33:05  Starport  
  189  33:06  Liberator x2  
  189  33:10  Command Center  
  192  33:49  Liberator x2  
  191  34:00  Starport Reactor  
  191  34:02  Starport Tech Lab  
  183  34:08  Liberator  
  183  34:09  Terran Ship Weapons Level 2  
  189  34:13  Command Center  
  189  34:27  Marine  
  189  34:28  Marine  
  194  34:32  Liberator x2  
  193  34:43  Liberator  
  193  34:44  Liberator  
  189  34:51  Liberator  
  178  35:15  Liberator x2  
  178  35:26  Liberator  
  178  35:27  Liberator  
  174  35:34  Liberator  
  189  35:58  Liberator x2  
  178  36:09  Liberator x2  
  178  36:17  Liberator  
  184  36:25  Terran Vehicle And Ship Armor Level 2  
  191  36:40  Liberator x2  
  191  36:53  Planetary Fortress  
Show
View Real Time Build Order
Export as new Build Order

Cactusman Terran 

Build Orders: Reaper Expand 

Get SALT Encoding   

  12  0:02  SCV  
  13  0:14  SCV  
  13  0:17  Supply Depot  
  14  0:28  SCV  
  15  0:39  Barracks  
  15  0:40  SCV  
  16  0:53  SCV  
  16  0:54  Refinery  
  17  1:05  SCV  
  18  1:17  SCV  
  19  1:29  Orbital Command  
  19  1:37  Reaper  
  20  1:42  Command Center  
  20  1:56  Barracks  
  20  2:05  Bunker  
  20  2:21  Reaper  
  15  2:43  SCV  
  16  2:55  SCV  
  17  3:07  SCV  
  17  3:08  Reaper  
  17  3:11  Factory  
  19  3:38  Barracks  
  19  3:39  Marine  
  20  4:01  Marine x2  
  22  4:03  Factory Tech Lab  
  22  4:19  Marine  
  22  4:30  Siege Tank  
  23  4:35  Orbital Command  
  23  4:36  Marine x2  
  25  4:50  Marine, Bunker  
  24  4:54  Marine x2  
  26  5:25  SCV x2  
  28  5:29  Supply Depot  
  28  5:31  Refinery  
  28  5:37  SCV x2  
  28  5:39  Barracks Reactor  
  30  5:45  Barracks Tech Lab  
  30  5:49  SCV x2  
  32  5:56  Command Center  
  32  6:01  SCV  
  31  6:11  Bunker  
  31  6:13  SCV x2  
  31  6:16  Siege Tank  
  36  6:20  Marine x2  
  36  6:21  Marauder  
  36  6:24  Barracks, Supply Depot  
  40  6:34  Engineering Bay  
  40  6:36  SCV  
  40  6:37  SCV  
  42  6:48  SCV  
  42  6:49  Starport, SCV  
  44  7:01  SCV x2  
  46  7:05  Stimpack  
  46  7:17  Marine  
  46  7:18  Marine  
  46  7:20  Barracks Reactor  
  46  7:22  Barracks  
  48  7:26  Barracks  
  48  7:31  Medivac  
  48  7:33  SCV  
  48  7:35  Refinery, Orbital Command  
  48  7:36  SCV  
  52  7:41  Refinery  
  52  7:44  Supply Depot  
  52  7:45  SCV  
  52  7:48  SCV  
  54  7:53  Terran Infantry Weapons Level 1  
  54  7:57  SCV  
  55  8:00  SCV  
  53  8:28  Marine  
  53  8:29  Marine x3  
  53  8:31  Barracks Tech Lab  
  53  8:32  Marauder  
  53  8:34  Orbital Command  
  59  8:39  Barracks  
  59  8:41  Siege Tank  
  59  8:42  Medivac  
  59  8:43  SCV x2  
  66  8:50  Marine x4  
  70  8:57  Supply Depot  
  70  9:00  Supply Depot  
  70  9:03  Engineering Bay  
  70  9:08  SCV x3  
  73  9:15  Missile Turret  
  73  9:18  Missile Turret  
  73  9:20  SCV x2  
  73  9:22  Missile Turret  
  73  9:23  Missile Turret  
  76  9:24  Missile Turret, SCV  
  76  9:32  SCV x2  
  76  9:36  SCV  
  79  9:44  SCV x2  
  81  9:46  Marine x4  
  81  9:48  Marauder x2, SCV  
  81  9:51  Barracks Reactor  
  90  9:54  Barracks  
  90  9:59  Siege Tank  
  93  10:06  Supply Depot  
  93  10:08  Supply Depot  
  93  10:10  Supply Depot  
  93  10:11  Terran Infantry Armor Level 1  
  93  10:12  Combat Shields  
  93  10:17  Armory  
  93  10:21  Medivac, SCV x3  
  93  10:24  Supply Depot  
  93  10:27  Missile Turret  
  98  10:33  SCV x3  
  101  10:58  Missile Turret  
  101  10:59  Missile Turret  
  101  11:02  Refinery, SCV x3  
  101  11:03  Refinery  
  104  11:11  Barracks Tech Lab  
  104  11:13  Barracks  
  104  11:14  Marine x5, SCV x2  
  104  11:15  Marine  
  104  11:16  Marauder x2, Siege Tank  
  104  11:17  Medivac  
  121  11:20  Command Center  
  121  11:33  Terran Infantry Weapons Level 2  
  121  11:34  Concussive Shells  
  121  11:45  Starport  
  121  11:47  Medivac  
  121  11:48  Starport  
  123  11:56  Marauder x2  
  123  11:57  Marauder, Marine  
  123  11:58  Marine x3  
  133  12:06  Marine x2  
  135  12:08  Supply Depot  
  135  12:11  Supply Depot  
  135  12:12  Supply Depot  
  135  12:13  Supply Depot  
  135  12:14  Supply Depot  
  135  12:15  Supply Depot  
  135  12:17  Medivac  
  137  12:31  Terran Infantry Armor Level 2  
  137  12:40  Starport Reactor  
  137  12:44  Starport Tech Lab  
  137  12:47  Medivac  
  137  12:50  Siege Tank  
  142  12:53  Marine x6  
  142  12:56  Marauder, Barracks Reactor  
  142  12:58  Marauder x2  
  154  13:05  Orbital Command  
  154  13:17  Medivac, Marauder  
  154  13:18  Marine x5  
  154  13:19  Marauder, Marine  
  168  13:20  Marauder  
  168  13:22  Siege Tank  
  165  13:47  Medivac  
  160  13:50  Terran Infantry Weapons Level 3  
  160  13:52  Marine x4  
  160  13:53  Marine x5  
  160  13:54  Marauder x2  
  160  13:55  Siege Tank  
  176  14:01  SCV  
  176  14:02  SCV x3  
  171  14:12  Marauder  
  169  14:27  Siege Tank  
  169  14:40  SCV x2  
  169  14:41  SCV x2  
  169  14:43  Factory  
  173  14:56  Factory  
  173  14:59  Siege Tank  
  162  15:26  Viking x3  
  170  15:30  Raven  
  170  15:31  Siege Tank  
  173  15:38  Marine x6  
  173  15:39  Marine x3  
  182  15:48  Factory Tech Lab x2  
  182  15:57  Marine x6  
  182  15:58  Marine x5  
  182  16:03  Siege Tank  
  196  16:04  Command Center  
  196  16:10  Terran Infantry Armor Level 3  
  196  16:15  Marine x2  
  198  16:18  Command Center  
  198  16:20  Viking  
  200  16:33  Missile Turret  
  200  16:35  Refinery x2  
  187  17:20  Viking x2  
  187  17:21  Viking x2  
  188  18:15  Marine x6  
  188  18:16  Marine x5  
  199  18:33  Marine  
  200  18:37  Planetary Fortress  
  200  18:39  Planetary Fortress  
  200  18:43  Command Center  
  200  20:26  Planetary Fortress  
  199  21:08  Refinery  
  199  21:11  Command Center  
  199  21:17  Refinery  
  194  21:20  Refinery  
  116  21:41  Raven  
  116  21:42  Viking x3  
  110  22:12  Viking x2  
  116  22:19  Starport Tech Lab  
  114  22:24  Raven  
  113  22:33  Siege Tank x2  
  119  22:42  Viking x2  
  123  22:56  Orbital Command  
  123  22:58  Command Center  
  123  23:05  Banshee  
  71  23:23  Raven  
  71  23:25  Viking x2  
  75  23:28  Marine x9  
  75  23:29  Marauder x2  
  75  23:31  Siege Tank x3  
  92  23:46  Marauder  
  92  23:48  Raven  
  96  23:50  Marauder, Starport  
  96  23:51  Marauder  
  96  23:52  Starport  
  96  23:55  Viking x2  
  104  24:03  Siege Tank  
  104  24:05  Refinery  
  104  24:06  Raven  
  104  24:08  Marauder  
  117  24:12  Marauder x2  
  107  24:25  Viking x2  
  107  24:29  Marauder  
  107  24:35  Siege Tank  
  106  24:51  Raven x2  
  108  24:55  Viking x2  
  112  25:25  Terran Vehicle Weapons Level 1, Viking x2  
  116  25:29  Armory  
  116  25:33  Raven  
  116  25:34  Raven  
  120  25:52  Siege Tank  
  120  25:55  Viking x2  
  127  26:01  Missile Turret  
  127  26:07  SCV x2  
  127  26:09  Factory  
  127  26:10  Factory  
  129  26:12  Planetary Fortress  
  129  26:16  Raven x2  
  133  26:25  Siege Tank  
  136  26:31  Explosive Shrapnel Shells  
  136  26:37  Fusion Core  
  136  26:57  Siege Tank  
  136  26:59  Raven  
  140  27:29  Siege Tank  
  143  27:32  Viking  
  143  27:33  Viking  
  143  27:34  Marine x7  
  143  27:35  Marine  
  155  27:40  Missile Turret  
  155  27:41  Starport  
  155  27:42  Viking  
  103  28:01  Siege Tank  
  103  28:02  Viking  
  103  28:03  Marine x11  
  116  28:12  Raven  
  118  28:19  Raven  
  120  28:21  Marine x11  
  120  28:23  Corvid Reactor  
  131  28:28  Viking  
  131  28:32  Viking  
  131  28:33  Siege Tank  
  138  28:37  Factory Tech Lab  
  138  28:38  Marine  
  138  28:39  Marine x5  
  141  28:45  Factory Tech Lab  
  138  28:55  Raven  
  140  28:58  Viking  
  140  29:02  Viking, Raven  
  144  29:05  Siege Tank  
  149  29:17  Marine x2  
  149  29:18  Marine x5  
  149  29:21  Siege Tank x2  
  162  29:28  Viking  
  162  29:30  Terran Vehicle And Ship Armor Level 1  
  164  29:31  Marine x4  
  164  29:32  Viking  
  164  29:35  Marine x4  
  164  29:36  Marine x3  
  164  29:37  Siege Tank  
  164  29:38  Raven  
  182  29:44  Raven  
  184  29:49  Marine  
  185  29:53  Siege Tank x2  
  185  29:58  Viking  
  193  30:07  Viking  
  193  30:08  Marine x2  
  193  30:09  Marine  
  198  30:20  Raven  
  187  32:08  Raven x2  
  144  32:57  Raven x2  
  148  33:02  Marine x10  
  152  33:39  Raven  
  154  33:44  Raven  
  154  34:22  Raven  
  156  34:27  Raven  
  154  35:02  Marine x6  
  154  35:05  Raven  
  159  35:09  Raven  
  149  35:58  Command Center  
  143  36:17  Terran Vehicle And Ship Armor Level 2  
  143  36:19  Terran Vehicle Weapons Level 2  
  137  36:45  Raven x2  
  137  37:28  Raven x2  
  67  38:58  Raven x2  
  67  39:01  Marine  
  67  39:02  Marine x10  
  80  39:19  Marine x4  
  80  39:20  Marine x7  
  60  39:37  Marine x9  
  60  39:38  Marine x2  
Tags
 
Add a new tag
Caveats
  • Supply blocks, unpowered buildings, or Contaminate may cause inaccurate times.
  • Supply counts are checked every 10 seconds.